 Dungeon Crawl Stone Soup version 0.28-a0-1233-g92def6ad0a (webtiles) character file.

Game seed: 273492604222153400

667 Conn the Sneak (level 7, 0/43 HPs)
             Began as an Octopode Fire Elementalist on Dec 23, 2021.
             Was a Follower of Sif Muna.
             Succumbed to a killer bee's poison
             ... on level 4 of the Dungeon.
             The game lasted 00:11:00 (4982 turns).

Conn the Sneak (Octopode Fire Elementalist)         Turns: 4982, Time: 00:11:00

Health: 0/43       AC:  5    Str:  7    XL:     7   Next: 57%
Magic:  0/12       EV: 14    Int: 19    God:    Sif Muna [*.....]
Gold:   153        SH:  0    Dex: 13    Spells: 5/12 levels left

rFire   . . .      SeeInvis .   h - +0 dagger (venom)
rCold   . . .      Faith    .   (no shield)
rNeg    . . .      Spirit   +   (helmet restricted)
rPois   .          Reflect  .   l - amulet of guardian spirit
rElec   .          Harm     .   k - +4 ring of protection
rCorr   +          Rampage  .   m - ring of resist corrosion
Will    .....                   (no ring)
Stlth   ++++......              (no ring)
HPRegen 0.14/turn               (no ring)
MPRegen 0.13/turn               (no ring)
                                (no ring)
                                (no ring)

@: lethally poisoned (0 -> -14), invisible
A: almost no armour, amphibious, 8 rings, camouflage 1, gelatinous body 1,
(nimble swimmer 1), tentacles
a: Renounce Religion, Channel Magic


You were on level 4 of the Dungeon.
You worshipped Sif Muna.
Sif Muna was aware of your devotion.
You visited 2 branches of the dungeon, and saw 5 of its levels.
You also visited: Ossuary.

You collected 153 gold pieces.

Inventory:

Hand Weapons
 b - a +0 dagger
 h - a +0 dagger of venom (weapon)
Missiles
 d - 11 poisoned darts
Jewellery
 k - a +4 ring of protection (left tentacle)
 l - an amulet of guardian spirit (around mantle)
 m - a ring of resist corrosion (right tentacle)
Wands
 i - a wand of charming (5)
 j - a wand of polymorph (3)
Scrolls
 e - a scroll of holy word {unknown}
 f - 2 scrolls of fog {unknown}
 g - 6 scrolls of identify {unknown}
 p - a scroll of noise {unknown}
 r - a scroll of summoning {unknown}
 s - 2 scrolls of blinking {unknown}
 x - a scroll of enchant weapon {unknown}
 y - a scroll of enchant armour {unknown}
Potions
 a - a potion of haste {unknown}
 c - 2 potions of invisibility
 n - a potion of brilliance {unknown}
 o - 2 potions of curing {unknown}
 q - a potion of resistance {unknown}
 t - a potion of berserk rage {unknown}
 u - a potion of cancellation {unknown}
 v - a potion of heal wounds {unknown}
 w - a potion of lignification {unknown}


   Skills:
 + Level 1.3 Fighting
 + Level 1.8 Short Blades
 + Level 3.5 Dodging
 + Level 6.1 Stealth
 + Level 3.4 Spellcasting
 + Level 3.3 Conjurations
 + Level 0.2 Hexes
 + Level 4.3 Fire Magic


You had 5 spell levels left.
You knew the following spells:

 Your Spells              Type           Power      Damage    Failure   Level
a - Foxfire               Conj/Fire      68%        2x1d7     3%          1
b - Conjure Flame         Conj/Fire      17%        6-21      9%          3
c - Inner Flame           Hex/Fire       11%        N/A       17%         3

Your spell library contained the following spells:

 Spells                   Type           Power      Damage    Failure   Level
 Magic Dart               Conj           60%        1d6       3%          1
 Scorch                   Fire           38%        2d6       3%          2
 Animate Skeleton         Necr           6%         N/A       14%         1
 Pain                     Necr           12%        1d4       14%         1
 Call Imp                 Summ           3%         N/A       22%         2
 Mephitic Cloud           Conj/Pois/Air  7%         N/A       28%         3
 Flame Wave               Conj/Fire      17%        2d5       30%         4
 Vampiric Draining        Necr           3%         2d6       41%         3


Dungeon Overview and Level Annotations

Branches:
Dungeon (4/15)             Temple (1/1) D:4         Ossuary (visited)

Altars:
Ashenzari
Cheibriados
Elyvilon
Fedhas
Kikubaaqudgha
Sif Muna
Uskayaw
Xom
Zin
The Shining One


Innate Abilities, Weirdness & Mutations

You cannot wear most types of armour.
You are amphibious.
You can wear up to eight rings at the same time.
Your skin changes colour to match your surroundings (Stealth+).
Your rubbery body absorbs attacks. (AC +1, EV +1)
((You are camouflaged when in or above water. (Stealth+)))
You have tentacles for arms and can constrict up to eight enemies at once.


Message History

The killer bee is charmed.
You feel sick. The killer bee stings you.
Unknown command.
You feel very sick. The killer bee completely misses you.
Unknown command.
Casting: Foxfire (safe; 3% risk of failure)
Confirm with . or Enter, or press ? or * to list all spells.
The spell is quite dangerous to miscast (17% risk of failure)!
Continue anyway?
Aiming: Inner Flame (quite dangerous; 17% risk of failure)
Press: ? - help, Dir - move target, f - killer bee, p - killer bee
Aim: a killer bee (chance to affect: 70%)
The killer bee struggles to resist.
You feel sick. The killer bee closely misses you.
Your killer bee stings the killer bee.
The goblin closely misses your killer bee.
The killer bee misses you.
Your killer bee stings the killer bee.
Casting: Inner Flame (quite dangerous; 17% risk of failure)
Confirm with . or Enter, or press ? or * to list all spells.
The spell is quite dangerous to miscast (17% risk of failure)!
Continue anyway?
Aiming: Inner Flame (quite dangerous; 17% risk of failure)
Press: ? - help, Dir - move target, f/p - killer bee
Aim: a killer bee (lightly wounded, ally target, chance to affect: 70%)
The killer bee is filled with an inner flame.
You feel sick. The killer bee closely misses you.
Your killer bee barely misses the killer bee.
The orc priest calls down the wrath of Beogh upon you.
Beogh smites you!
* * * LOW HITPOINT WARNING * * *
The goblin completely misses your killer bee.
The killer bee stings you!
* * * LOW HITPOINT WARNING * * *
You are more poisoned.
The killer bee poisons you!
Your killer bee stings the killer bee.
Flame seeps out of the killer bee.
The killer bee is poisoned.
Your killer bee poisons the killer bee!
Okay, then.
Unknown command.
Unknown command.
It was a potion of invisibility.
You fade into invisibility!
You die...

... #..........###
.... #..........#..
....# ##########...#
.....## ##.### .....o.
.... .......## ##..##
#....)o### #.##
...##.Sygy##### #.#
##.##y@...### ###.###
#. ###...>.# ###'###
#. #.##.######⌠.⌠###
#.####.##......'.>.'..
#.#........#####⌠.⌠###
#.†.#.###### #######
#..††.# ###.###
#...##..# #.# #.# #..#
###.####


You could see 2 killer bees, 2 orc priests, an adder, a goblin and a friendly
killer bee (charmed).

Vanquished Creatures
  Edmund (D:4)
  2 vampire bats (D:4)
  An orc priest (D:4)
  Crazy Yiuf (D:2)
  A centaur skeleton (D:4)
  An iguana (D:4)
  An orc wizard (D:4)
  11 mummies (Ossuary)
  Robin (D:2)
  4 gnolls (D:2)
  3 adders
  4 worms
  8 orcs
  3 ball pythons
  10 bats
  5 bat skeletons (D:4)
  A bat zombie (D:4)
  5 endoplasms
  2 giant cockroaches
  14 goblins
  5 hobgoblins
  4 jackals (D:4)
  4 kobolds
  3 quokkas
  3 gnoll skeletons (Ossuary)
  A kobold skeleton (Ossuary)
  4 orc skeletons (Ossuary)
  10 rats
  11 rat skeletons (Ossuary)
124 creatures vanquished.

Vanquished Creatures (others)
  An orc wizard (D:4)
  286 foxfires
  A plant (D:1)
288 creatures vanquished.

Grand Total: 412 creatures vanquished

Notes
Turn   | Place    | Note
-------+----------+-------------------------------------------
     0 | D:1      | Conn the Octopode Fire Elementalist began the quest for the
                  | Orb.
     0 | D:1      | Reached XP level 1. HP: 11/11 MP: 3/3
   526 | D:1      | Reached XP level 2. HP: 17/17 MP: 3/5
  1130 | D:1      | Found a faded altar of an unknown god.
  1378 | D:2      | Reached XP level 3. HP: 19/21 MP: 0/6
  1456 | D:1      | Learned a level 3 spell: Conjure Flame
  1460 | D:1      | Learned a level 3 spell: Inner Flame
  1516 | D:2      | Reached skill level 3 in Stealth
  1678 | D:2      | Reached XP level 4. HP: 27/27 MP: 3/8
  1766 | D:2      | Noticed Robin
  1809 | D:2      | Killed Robin
  2254 | D:2      | Found a runed translucent door.
  2255 | D:2      | Noticed Crazy Yiuf
  2306 | D:2      | Killed Crazy Yiuf
  2307 | D:2      | Reached XP level 5. HP: 31/31 MP: 2/9
  2756 | D:3      | Found a glowing golden altar of the Shining One.
  2917 | D:3      | Found a hide-covered altar of Uskayaw.
  3646 | D:4      | Found an ancient bone altar of Kikubaaqudgha.
  3666 | D:4      | Reached skill level 1 in Short Blades
  3671 | D:4      | Reached skill level 4 in Stealth
  3671 | D:4      | Reached XP level 6. HP: 32/37 MP: 4/10
  3751 | D:4      | Found a staircase to the Ecumenical Temple.
  3756 | Temple   | Entered the Ecumenical Temple
  3823 | Temple   | Became a worshipper of Sif Muna the Loreminder
  3873 | D:4      | Noticed Edmund
  3889 | D:4      | Killed Edmund
  3941 | D:4      | Reached skill level 5 in Stealth
  3941 | D:4      | Reached XP level 7. HP: 23/39 MP: 0/11
  3943 | D:4      | Found a sand-covered staircase.
  3951 | Ossuary  | Entered an ossuary
  4312 | Ossuary  | Reached skill level 1 in Fighting
  4462 | Ossuary  | Reached * piety under Sif Muna
  4860 | D:4      | Reached skill level 6 in Stealth
  4982 | D:4      | Succumbed to a killer bee's poison

Illustrated notes

Levels and vault maps discovered:
D:1:      eino_arrival_water_star, layout_basic, serial_forest,
          infiniplex_forest_lined_2, infiniplex_forest_clump_double,
          infiniplex_forest_straight_3, infiniplex_forest_fountain,
          infiniplex_forest_lined_3, infiniplex_forest_clump_curved,
          infiniplex_forest_corner_1, infiniplex_forest_clump_tiny,
          hellmonk_ecumenical_altar_zigzags
D:2:      layout_rooms, uniq_crazy_yiuf_cottage, uniq_robin
D:3:      layout_loops_ring, mainiacjoe_overflow_24_doors, lemuel_tele_altar,
          chequers_serial_rivers_micro_c
D:4:      layout_rooms, kennysheep_vampire_church,
          worldfamousw_hep_ancestral_shrine, temple_doors_e,
          hellmonk_ghost_happy_afterlife, nicolae_ossuary_entry_plus,
          uniq_edmund
Temple:   nicolae_temple_figure_eight

Skill      XL: |  1  2  3  4  5  6  7 |
---------------+----------------------+-----
Stealth        | 3 4 5 6 |  6.1
Conjurations   | 2 3 |  3.3
Fire Magic     | 4 |  4.3
Spellcasting   | 3 |  3.4
Short Blades   | 1 |  1.8
Dodging        | 3 |  3.5
Fighting       | 1 |  1.3
Hexes          | |  0.2

Action                   |  1- 3 |  4- 6 |  7- 9 || total
-------------------------+-------+-------+-------++-------
Melee: Dagger            |    26 |    91 |    49 ||   166
       Constrict         |    10 |    21 |    13 ||    44
       Tentacles         |     5 |    11 |     8 ||    24
       Unarmed           |       |     9 |       ||     9
 Cast: Foxfire           |    49 |    79 |    39 ||   167
       Inner Flame       |       |     1 |     3 ||     4
Evoke: Wand              |       |     1 |     2 ||     3
  Use: Potion            |       |       |     1 ||     1
 Stab: Sleeping          |       |    11 |    12 ||    23
Armor: Skin              |     2 |    49 |    14 ||    65
Dodge: Dodged            |    29 |   118 |    30 ||   177

Table legend: (Time is in decaauts)
 A = Elapsed time spent in this place.
 B = Non-inter-level travel time spent in this place.
 C = Inter-level travel time spent in this place.
 D = Time resting spent in this place.
 E = Time spent auto-exploring this place.
 F = Levels seen in this place.
 G = Mean time per level.
                   A        B        C        D        E       F      G
               +--------+--------+--------+--------+--------+-----+--------+
         Total |   4970 |   4906 |     64 |    366 |   3074 |   6 |  828.3 |
       Dungeon |   4012 |   3948 |     64 |    256 |   2536 |   4 | 1003.0 |
        Temple |     87 |     87 |      0 |      0 |      0 |   1 |   87.0 |
       Ossuary |    870 |    870 |      0 |    110 |    538 |   1 |  870.0 |
               +--------+--------+--------+--------+--------+-----+--------+

Top non-repeatable levels by time:
     D:1: 1534 daAuts
     D:3: 1004 daAuts
     D:2: 922 daAuts
 Ossuary: 870 daAuts
     D:4: 551 daAuts
  Temple: 87 daAuts
